 Dungeon Crawl Stone Soup version 0.15.2 (webtiles) character file.

1367 kae the Cleaver (level 8, -1/64 HPs)
             Began as a Hill Orc Fighter on Jan 24, 2015.
             Slain by a centaur (9 damage)
             ... on Level 6 of the Dungeon.
             The game lasted 00:07:00 (6424 turns).

kae the Cleaver (Hill Orc Fighter)                  Turns: 6424, Time: 00:07:00

HP  -1/64        AC -3     Str 21      XL: 8   Next: 65%
MP   8/8         EV  6     Int  8      God:
Gold 383         SH  9     Dex 10      Spells:  0 memorised,  7 levels left

rFire  + . .     SeeInvis .     o - +0 hand axe (venom) (curse)
rCold  . . .     Clarity  .     b - +0 scale mail
rNeg   . . .     rCorr    .     c - +0 shield
rPois  .         rRot     .     (no helmet)
rElec  .         Spirit   .     (no cloak)
SustAb .         Warding  .     (no gloves)
rMut   .         Stasis   .     (no boots)
Gourm  .                        (no amulet)
MR     .....                    (no ring)
                                j - ring of protection from fire

@: corroded equipment, not resistant to hostile enchantments, extremely
unstealthy
A: no striking features
a: no special abilities


You were on level 6 of the Dungeon.
You were hungry.

You visited 2 branches of the dungeon, and saw 7 of its levels.
You also visited: Ossuary.

You collected 383 gold pieces.

Inventory:

Hand weapons
 a - a cursed +0 war axe
 o - a cursed +0 hand axe of venom (weapon)
Armour
 b - a +0 scale mail (worn)
 c - a +0 shield (worn)
Magical devices
 w - a wand of magic darts (11) {unknown}
Comestibles
 d - a meat ration
 n - 4 bread rations
 r - a royal jelly
 u - 3 chunks of centaur flesh
 v - a beef jerky
Scrolls
 f - 2 scrolls of fog
 i - 3 scrolls of amnesia
 l - 6 scrolls of identify
 x - a scroll of enchant weapon {unknown}
 z - a scroll of vulnerability {unknown}
Jewellery
 j - a ring of protection from fire (left hand)
 q - an uncursed ring of stealth {unknown}
 y - a +2 ring of slaying {unknown}
Potions
 e - a potion of degeneration {unknown}
 g - 2 potions of heal wounds {unknown}
 h - 2 potions of might
 k - a potion of cancellation {unknown}
 m - a potion of cure mutation {unknown}
 p - 2 potions of haste
 s - 4 potions of brilliance {unknown}
 t - a potion of restore abilities {unknown}


   Skills:
 - Level 3.6 Fighting
 + Level 13.1 Axes
 - Level 3.2 Armour
 - Level 3.2 Shields


You had 7 spell levels left.
You didn't know any spells.

Dungeon Overview and Level Annotations

Branches:
Dungeon (6/15)             Temple (1/1) D:4

Altars:
Ashenzari
Cheibriados
Dithmenos
Elyvilon
Fedhas
Nemelex Xobeh
Qazlal
Sif Muna
Vehumet
Xom
Yredelemnul
Zin
The Shining One


Message History

The acid burns!
You hit the jelly.
The jelly is severely wounded.
You hit the centaur.
The centaur is heavily wounded.
The centaur hits you. The jelly hits you.
* * * LOW HITPOINT WARNING * * *
You are splashed with acid!
The acid corrodes your equipment!
The acid burns!
* * * LOW HITPOINT WARNING * * *
You are too injured to fight recklessly!
You are too injured to fight recklessly!
You are too injured to fight recklessly!
You are too injured to fight recklessly!
You are too injured to fight recklessly!
You hit the jelly but do no damage.
The jelly is severely wounded.
You hit the centaur.
The centaur is severely wounded.
The centaur hits you!
You die...

#............ <..
#.........### #...
#..<......# #...
#####.##.##.##
#...###P....##.##.####
###..>?..P....##.##.##..
...........P........##..
.......J.................
.......%@....#......###..
##.#...c.....##.....# #..
#...#.######.....# ###
#.......# ####...##
#..#..#.# #.......# .
##...# #.##.##.## . #.# #
#.##..## ..# #......###
### ####.....#


You could see a centaur and a jelly.

Vanquished Creatures
  4 ogres (D:5)
  A phantom (D:4)
  2 centaurs
  A giant frog (D:6)
  A crimson imp (D:5)
  A goliath beetle (D:6)
  An orc priest (D:4)
  A centaur skeleton (D:6)
  3 centaur zombies (Ossuary)
  A jelly (D:6)
  A human zombie (Ossuary)
  A worker ant (D:4)
  An iguana (D:4)
  3 orc wizards
  A killer bee zombie (D:6)
  A big kobold zombie (Ossuary)
  A hound skeleton (D:6)
  A hound zombie (D:4)
  2 mummies (Ossuary)
  4 adders
  3 gnolls
  A shadow imp (D:6)
  2 worms (D:3)
  2 adder zombies
  3 giant geckos
  An ooze (D:4)
  14 orcs
  2 ball pythons
  3 bats
  4 giant cockroaches
  11 goblins
  4 hobgoblins
  8 jackals
  11 kobolds
  4 quokkas
  2 giant newts (D:2)
  A goblin zombie (Ossuary)
  A hobgoblin skeleton (D:5)
  9 hobgoblin zombies
  A jackal zombie (Ossuary)
  A kobold skeleton (D:6)
  13 kobold zombies (Ossuary)
  An orc skeleton (D:6)
  7 orc zombies
  10 rats
  2 rat zombies (Ossuary)
153 creatures vanquished.

Notes
Turn   | Place    | Note
--------------------------------------------------------------
     0 | D:1      | kae, the Hill Orc Fighter, began the quest for the Orb.
     0 | D:1      | Reached XP level 1. HP: 19/19 MP: 1/1
   400 | D:1      | Reached XP level 2. HP: 24/26 MP: 2/2
   547 | D:1      | Reached skill level 4 in Axes
  1006 | D:2      | Reached XP level 3. HP: 31/31 MP: 3/3
  1637 | D:3      | Reached skill level 5 in Axes
  1708 | D:3      | Reached XP level 4. HP: 39/39 MP: 4/4
  2152 | D:4      | Reached skill level 6 in Axes
  2394 | D:4      | Reached XP level 5. HP: 40/45 MP: 5/5
  2405 | D:3      | Reached skill level 7 in Axes
  2436 | D:4      | Found a snail-covered altar of Cheibriados.
  2718 | D:4      | Reached skill level 8 in Axes
  2718 | D:4      | Reached XP level 6. HP: 39/51 MP: 6/6
  3014 | D:4      | Found a staircase to the Ecumenical Temple.
  3014 | D:4      | Noticed a phantom
  3037 | Temple   | Entered the Ecumenical Temple
  3148 | D:4      | Killed a phantom
  3148 | D:4      | Reached skill level 9 in Axes
  3320 | D:5      | Entered Level 5 of the Dungeon
  3361 | D:5      | Found a sand-covered staircase.
  3368 | Ossuary  | Entered an ossuary
  3494 | Ossuary  | Reached XP level 7. HP: 25/57 MP: 7/7
  3523 | Ossuary  | Reached skill level 10 in Axes
  4139 | D:5      | Reached skill level 11 in Axes
  4553 | D:5      | Reached XP level 8. HP: 20/64 MP: 8/8
  5284 | D:5      | Reached skill level 12 in Axes
  6268 | D:6      | Reached skill level 13 in Axes
  6424 | D:6      | Slain by a centaur

Action                   |  1- 3 |  4- 6 |  7- 9 || total
-------------------------+-------+-------+-------++-------
Melee: War axe           |    29 |       |       ||    29
       Hand axe          |    53 |   179 |   251 ||   483
  Use: Scroll            |       |     7 |       ||     7
       Potion            |       |     3 |     2 ||     5
  Eat: Chunk             |     3 |     4 |     3 ||    10
       Beef jerky        |       |     1 |     1 ||     2
       Meat ration       |       |       |     1 ||     1
